 Dungeon Crawl Stone Soup version 0.29-a0-43-g62a80824bf (webtiles) character file.

Game seed: 7127997620195776440

158 bande the Covered (level 5, -9/33 HPs)
             Began as a Gargoyle Fighter on Feb 2, 2022.
             Mangled by Crazy Yiuf (14 damage)
             ... on level 2 of the Dungeon.
             The game lasted 00:02:50 (2654 turns).

bande the Covered (Gargoyle Fighter)                Turns: 2654, Time: 00:02:53

Health: -9/33      AC: 11    Str: 19    XL:     5   Next: 40%
Magic:  5/5        EV:  9    Int:  9    God:
Gold:   86         SH:  4    Dex: 11    Spells: 4/4 levels left

rFire   . . .      SeeInvis .   a - +1 war axe
rCold   . . .      Faith    .   c - +0 buckler
rNeg    + . .      Spirit   .   b - +0 scale mail
rPois   ∞          Reflect  .   (no helmet)
rElec   +          Harm     .   (no cloak)
rCorr   .          Rampage  .   (no gloves)
Will    .....                   (no boots)
Stlth   ..........              (no amulet)
HPRegen 0.11/turn               (no ring)
MPRegen 0.09/turn               (no ring)

@: mighty
A: sickness immunity, AC +4, negative energy resistance 1, electricity
resistance, torment resistance 1, petrification resistance
a: no special abilities


You were on level 2 of the Dungeon.
You visited 1 branch of the dungeon, and saw 2 of its levels.

You collected 86 gold pieces.

Inventory:

Hand Weapons
 a - a +1 war axe (weapon)
Armour
 b - a +0 scale mail (worn)
 c - a +0 buckler (worn)
Scrolls
 g - 2 scrolls of vulnerability
 h - a scroll of identify {unknown}
Potions
 d - 2 potions of might
 e - a potion of curing {unknown}
 f - a potion of mutation {unknown}
 i - a potion of attraction {unknown}


   Skills:
 + Level 4.0 Fighting
 + Level 3.3 Axes
 + Level 4.3 Armour
 + Level 4.0 Shields


You had 4 spell levels left.
You didn't know any spells.
Your spell library contained the following spells:

 Spells                   Type           Power      Damage    Failure   Level
 Magic Dart               Conj           0%         1d3       83%         1
 Call Imp                 Summ           0%         N/A       93%         2
 Mephitic Cloud           Conj/Pois/Air  0%         N/A       99%         3


Dungeon Overview and Level Annotations

Branches:
Dungeon (2/15)

Altars:

Annotations:
D:2 Crazy Yiuf


Innate Abilities, Weirdness & Mutations

You are immune to sickness and miasma.
Your stone body is resilient. (AC +4)
You are immune to poison.
You resist negative energy. (rN+)
You are resistant to electric shocks. (rElec)
You are resistant to unholy torment.
You are immune to petrification.


Message History

You see here a hobgoblin corpse.
You see here 25 stones.
Crazy Yiuf shouts!
Crazy Yiuf yells, "Shower aubergine Orb Guardian!"
Crazy Yiuf says, "Castle hand fast!"
Crazy Yiuf cries, "Dawk tired return to song!"
Could not explore, unopened runed door.
Could not explore, unopened runed door.
You open the door. You slash Crazy Yiuf!
Crazy Yiuf is heavily wounded.
You block Crazy Yiuf's attack. x2
You barely miss Crazy Yiuf.
Crazy Yiuf is heavily wounded.
Crazy Yiuf hits you with a +3 quarterstaff of chaos.
Crazy Yiuf freezes you.
You barely miss Crazy Yiuf.
Crazy Yiuf is heavily wounded.
Crazy Yiuf hits you but does no damage.
You barely miss Crazy Yiuf.
Crazy Yiuf is heavily wounded.
You block Crazy Yiuf's attack.
Crazy Yiuf hits you with a +3 quarterstaff of chaos.
You feel very mighty all of a sudden.
You barely miss Crazy Yiuf.
Crazy Yiuf is heavily wounded.
Crazy Yiuf hits you with a +3 quarterstaff of chaos!
You barely miss Crazy Yiuf.
Crazy Yiuf is heavily wounded.
Crazy Yiuf says, "Crazy?
Crazy!?
PORCUPINE!"
Crazy Yiuf hits you with a +3 quarterstaff of chaos.
Space warps around you.
* * * LOW HITPOINT WARNING * * *
You closely miss Crazy Yiuf.
Crazy Yiuf is heavily wounded.
You block Crazy Yiuf's attack.
Crazy Yiuf hits you with a +3 quarterstaff of chaos.
* * * LOW HITPOINT WARNING * * *
Space warps horribly around you!
You die...

.#..#......#
..###......#
...........#
#..###.....#
#####
##.###.....#
#)..#
....##.....#
#...#
..#.#......#
...
#.#...#.####
#g#
#.#...#.#
#@##
#.#...#.#
##.#
#.#...#.###
#.##
#<#.......#
##.#
##........#
##.##
#.......####
##...#
#.###.#.#..#
#....#
#.#........#
#....#
#.#.##..#.##
##..##


You could see Crazy Yiuf.

Vanquished Creatures
  A phantom (D:2)
  2 adders (D:2)
  3 gnolls (D:2)
  A worm (D:2)
  3 dart slugs
  4 ball pythons
  2 bats (D:2)
  2 endoplasms
  2 goblins
  2 hobgoblins (D:2)
  3 jackals (D:2)
  4 kobolds
  3 frilled lizards
  3 rats (D:2)
35 creatures vanquished.

Notes
Turn   | Place    | Note
-------+----------+-------------------------------------------
     0 | D:1      | bande the Gargoyle Fighter began the quest for the Orb.
     0 | D:1      | Reached XP level 1. HP: 14/14 MP: 1/1
   273 | D:1      | Reached XP level 2. HP: 19/19 MP: 2/2
   903 | D:2      | Reached XP level 3. HP: 24/24 MP: 3/3
   992 | D:2      | Reached XP level 4. HP: 29/29 MP: 4/4
  1241 | D:2      | Noticed a phantom
  1260 | D:2      | Killed a phantom
  1261 | D:2      | Reached XP level 5. HP: 8/33 MP: 5/5
  2107 | D:2      | Found a faded altar of an unknown god.
  2513 | D:2      | Found a runed translucent door.
  2514 | D:2      | Noticed Crazy Yiuf
  2654 | D:2      | Mangled by Crazy Yiuf

Illustrated notes

Levels and vault maps discovered:
D:1:      lemuel_arrival_river_ford, layout_loops_cross
D:2:      layout_basic, ebering_ecumenical_altar_abandoned,
          uniq_crazy_yiuf_cottage

Skill      XL: |  1  2  3  4  5 |
---------------+----------------+-----
Axes           | 2 3 |  3.3
Armour         | 4 |  4.3
Shields        | 4 |  4.0
Fighting       | 4 |  4.0

Action                   |  1- 3 |  4- 6 || total
-------------------------+-------+-------++-------
Melee: War axe           |    51 |    59 ||   110
  Use: Scroll            |       |     3 ||     3
Armor: Scale mail        |    32 |    27 ||    59
Dodge: Dodged            |    32 |    21 ||    53
Block: Buckler           |    14 |    15 ||    29

Table legend: (Time is in decaauts)
 A = Elapsed time spent in this place.
 B = Non-inter-level travel time spent in this place.
 C = Inter-level travel time spent in this place.
 D = Time resting spent in this place.
 E = Time spent auto-exploring this place.
 F = Levels seen in this place.
 G = Mean time per level.
                   A        B        C        D        E       F      G
               +--------+--------+--------+--------+--------+-----+--------+
         Total |   2708 |   2708 |      0 |    770 |   1650 |   2 | 1354.0 |
       Dungeon |   2708 |   2708 |      0 |    770 |   1650 |   2 | 1354.0 |
               +--------+--------+--------+--------+--------+-----+--------+

Top non-repeatable levels by time:
     D:2: 1899 daAuts
     D:1: 808 daAuts
